[Event "*** Titled Tuesday 3|2 Blitz"]
[Site "Chess.com"]
[Date "2017.05.02"]
[Round "8"]
[White "IMVoja"]
[Black "hermionegrangermagic"]
[Result "0-1"]
[WhiteElo "2328"]
[BlackElo "2291"]
[TimeControl "180+2"]
[EndTime "14:49:34 PDT"]
[Termination "hermionegrangermagic won by checkmate"]

1. Nf3 d5 2. c4 e6 3. g3 Nf6 4.
Bg2 Be7 5. O-O O-O 6. b3 c5 7.
Bb2 Nc6 8. e3 d4 9. exd4 cxd4 10. d3 Ne8 11. Na3 f6 12. Nc2 e5 13. a3 a5 14. Qd2 Be6 15. b4 axb4 16. axb4 Rxa1 17.
Rxa1 Qd7 18. b5 Nd8 19. Nb4 Nf7 20. Ne1 h5 21. h4 g5 22. hxg5 Nxg5 23. Nd5 f5 24.
Nxe7+ Qxe7 25. Ba3 Qf6 26. Bxf8 Kxf8 27. f4 Nf7 28. Nf3 e4 29. dxe4 d3 30. e5 Qd8 31.
Qc3 Nh6 32. Rd1 Ng4 33. Rxd3 Qb6+ 34. Qd4 Qa5 35. Rd1 Qa2 36. Ng5 Bxc4 37. e6 Bxe6 38. Nxe6+ Qxe6 39. Qc5+ Kg7 40. Qd4+ Kg6 41. Bf3 Qb3 42.
Qd3 Qb4 43. Bxg4 hxg4 44. Qd5 Nf6 45. Qd3 Ne4 46. Qd5 Qe7 47. Qe5 Qf7 48. Qd5 Qe7 49. Qd3 Qc5+ 50. Qd4 Qxb5 51. Qe3 Qc6 52. Rc1 Qd6 53.
Re1 Kf6 54. Kg2 Kg6 55. Re2 Kf6 56. Qc1 Qd3 57. Qe3 Qd5 58. Re1 Nd2+ 59. Kg1 Nf3+ 60.
Kf2 Nxe1 61. Kxe1 Qe4 62. Kd2 Qxe3+ 63. Kxe3 Ke6 64. Kd4 Kd6 65. Kc4 Kc6 66. Kd4 b5 67. Ke5 b4 68. Kxf5 b3 69. Kxg4 b2 70. Kg5 b1=Q 71. f5 Kd6 72. g4 Ke5 73. Kg6 Qb6+ 74. Kh5 Qf6 75. g5 Qxf5 76. Kh6 Ke6 77. g6 Kf6 78. g7 Qg6# 0-1

[Event "*** Titled Tuesday 3|2 Blitz"]
[Site "Chess.com"]
[Date "2017.05.02"]
[Round "8"]
[White "SerGo055"]
[Black "oskariot"]
[Result "1/2-1/2"]
[WhiteElo "2401"]
[BlackElo "2448"]
[TimeControl "180+2"]
[EndTime "14:50:20 PDT"]
[Termination "Game drawn by repetition"]

1. d4 Nf6 2. Nf3 g6 3. c4 Bg7 4. Nc3 O-O 5. Bg5 c5 6. d5 h6 7. Bf4 d6 8. Qd2 g5 9. Bg3 Nh5 10. e4 f5 11. exf5 Bxf5 12. Bd3 Qd7 13. O-O Bxd3 14. Qxd3 Qf5 15. Qe2 Rf7 16. Nd2 Nf4 17. Bxf4 Qxf4 18. Nde4 Nd7 19. Rae1 Raf8 20. b3 Bd4 21.
Qc2 Ne5 22. Ne2 Qg4 23. Nxd4 cxd4 24. Kh1 d3 25. Qd2 Qh5 26. Re3 Ng4 27. Rh3 Qg6 28.
Qxd3 Rxf2 29. Nxf2 Qxd3 30. Rxd3 Nxf2+ 31. Rxf2 Rxf2 32. h4 Rxa2 33. hxg5 hxg5 34. Rg3 Kf7 35. Rxg5 Rb2 36. Rg3 a6 37. Rf3+ Kg6 38. Kh2 b5 39. Re3 Kf6 40. Rf3+ Ke5 41. Re3+ Kd4 42. Rxe7 Rxb3 43.
cxb5 axb5 44. g4 Kxd5 45. g5 Rf3 46. g6 Rf6 47. g7 Rg6 48. Kh3 b4 49. Kh4 b3 50.
Kh5 b2 51. Kxg6 b1=Q+ 52. Kf7 Qf5+ 53. Ke8 Qg6+ 54. Kf8 Qf5+ 55. Ke8 Qc8+ 56. Kf7 Qf5+ 57. Ke8 Qg6+ 58. Kf8 Qf6+ 59. Ke8 Qg5 60. Kf8 Qf5+ 61. Ke8 Qg6+ 62. Kf8 Qh6 63. Ke8 Qh7 64. Kf8 Qf5+ 65. Ke8 1/2-1/2

[Event "*** Titled Tuesday 3|2 Blitz"]
[Site "Chess.com"]
[Date "2017.05.02"]
[Round "8"]
[White "GameOverBro"]
[Black "JSMastropiero"]
[Result "1-0"]
[WhiteElo "2306"]
[BlackElo "2201"]
[TimeControl "180+2"]
[EndTime "14:50:26 PDT"]
[Termination "GameOverBro won by resignation"]

1. e4 e6 2. d4 d5 3. Nd2 dxe4 4. Nxe4 Qd5 5. f3 Nf6 6. c4 Qa5+ 7. Bd2 Bb4 8. Nxf6+ gxf6 9. Ne2 Bxd2+ 10. Qxd2 Qxd2+ 11. Kxd2 b6 12. Nc3 c6 13. f4 Bb7 14. g3 Nd7 15. Bg2 f5 16. Rhe1 O-O-O 17. Kc2 Nf6 18. Bf3 Rxd4 19. b3 Rhd8 20. Re2 h5 21. Rae1 h4 22. c5 hxg3 23. hxg3 Rg8 24. Rg2 Kc7 25.
Rh1 Ba6 26. Rh6 Rg6 27. Rh8 Bd3+ 28. Kc1 Be4 29. cxb6+ axb6 30. Bxe4 Nxe4 31. Ne2 Rd3 32. Rh7 Nd6 33. Kc2 Rd5 34. Nc3 Rc5 35. b4 Rc4 36. Kb3 b5 37. a4 Rxf4 38. gxf4 Rxg2 39. a5 Rg3 40. Kb2 Ne4 41. Rxf7+ Kb8 42. Nd1 Rf3 43. Re7 Rxf4 44. a6 Nd2 45. Kc3 Nb1+ 46. Kb2 Rxb4+ 47.
Kc1 Na3 48. Nf2 Rc4+ 49. Kb2 b4 50. Nd3 c5 51. Ne5 Re4 52. Nc6+ Kc8 53. a7 Nc4+ 54. Kc1 Nb6 55. Na5 c4 56. Nb7 Na8 57. Nd6+ Kd8 58.
Re8+ Kd7 59. Rxa8 Kxd6 60. Rd8+ Ke5 61. a8=Q Rd4 62. Rxd4 Kxd4 63. Qa7+ Kd3 64. Qd7+ Kc3 65. Qxe6 b3 66. Qf6+ 1-0

[Event "*** Titled Tuesday 3|2 Blitz"]
[Site "Chess.com"]
[Date "2017.05.02"]
[Round "9"]
[White "scrapnel"]
[Black "XiaoKangZhong"]
[Result "1-0"]
[WhiteElo "2476"]
[BlackElo "2016"]
[TimeControl "180+2"]
[EndTime "14:54:32 PDT"]
[Termination "scrapnel won by resignation"]

1. d4 Nf6 2. Nf3 g6 3. Bg5 Bg7 4. Nbd2 d5 5. e3 O-O 6. Be2 Nbd7 7. c4 e6 8. O-O b6 9. cxd5 exd5 10. b4 h6 11. Bh4 g5 12. Bg3 Bb7 13. Ne5 Qe7 14.
Rc1 Nxe5 15. Bxe5 c6 16. Qb3 Rac8 17. Rfd1 c5 18. bxc5 bxc5 19. Qa3 Nd7 20. Bxg7 Kxg7 21. Nb3 Rfe8 22. dxc5 Ne5 23. Nd4 Nc6 24. Nf5+ 1-0

[Event "*** Titled Tuesday 3|2 Blitz"]
[Site "Chess.com"]
[Date "2017.05.02"]
[Round "9"]
[White "djano"]
[Black "cailinchetty"]
[Result "1-0"]
[WhiteElo "2356"]
[BlackElo "1939"]
[TimeControl "180+2"]
[EndTime "14:54:44 PDT"]
[Termination "djano won by resignation"]

1. d4 c5 2. d5 g6 3. Nc3 Bg7 4.
e4 d6 5. f4 e6 6. Nf3 exd5 7.
Nxd5 Nf6 8. Bb5+ Nc6 9. O-O O-O 10. Re1 a6 11. Bf1 Be6 12. c3 Bxd5 13. exd5 Ne7 14.
c4 b5 15. Rb1 bxc4 16. Bxc4 Qc7 17. b3 a5 18. a4 Nc8 19. Bd2 Nb6 20. Bc3 Nxc4 21.
bxc4 Nd7 22. Bxg7 Kxg7 23. Qd2 Nb6 24. Qb2+ 1-0

[Event "*** Titled Tuesday 3|2 Blitz"]
[Site "Chess.com"]
[Date "2017.05.02"]
[Round "9"]
[White "Drags95"]
[Black "GM_Huschenbeth"]
[Result "0-1"]
[WhiteElo "2523"]
[BlackElo "2409"]
[TimeControl "180+2"]
[EndTime "14:55:04 PDT"]
[Termination "GM_Huschenbeth won by resignation"]

1. e4 c5 2. Nf3 d6 3. d4 cxd4 4.
Nxd4 Nf6 5. Nc3 a6 6. g3 g6 7. Bg2 Bg7 8. O-O O-O 9. h3 Nc6 10. Be3 Bd7 11. Nd5 e6 12. Nxc6 Bxc6 13. Nb6 Rb8 14. Qd3 Nd7 15. Nxd7 Qxd7 16. Bd4 Bxd4 17.
Qxd4 e5 18. Qe3 Rbc8 19. Rad1 Bb5 20. Rfe1 Rxc2 21. Qh6 Rxb2 22. Re3 Rc8 23. Rf3 Be2 0-1

[Event "*** Titled Tuesday 3|2 Blitz"]
[Site "Chess.com"]
[Date "2017.05.02"]
[Round "9"]
[White "aa175"]
[Black "DavidForthoffer"]
[Result "1-0"]
[WhiteElo "1828"]
[BlackElo "2083"]
[TimeControl "180+2"]
[EndTime "14:55:38 PDT"]
[Termination "aa175 won by resignation"]

1. e4 c5 2. Nf3 d6 3. d4 cxd4 4.
Nxd4 Nf6 5. Nc3 a6 6. Be3 e6 7. f3 b5 8. Qd2 Nbd7 9. g4 h6 10. h4 b4 11. Na4 d5 12. O-O-O dxe4 13. Bc4 Ne5 14. Bb3 Bd7 15. Kb1 Nxf3 16. Nxf3 exf3 17.
Nb6 Ra7 18. g5 hxg5 19. hxg5 Rxh1 20. Rxh1 Ng4 21. Rh8 Nxe3 22. Qd6 1-0

[Event "*** Titled Tuesday 3|2 Blitz"]
[Site "Chess.com"]
[Date "2017.05.02"]
[Round "9"]
[White "Storne89"]
[Black "vpantev"]
[Result "1-0"]
[WhiteElo "2511"]
[BlackElo "2466"]
[TimeControl "180+2"]
[EndTime "14:56:01 PDT"]
[Termination "Storne89 won by resignation"]

1. e4 c6 2. d4 d5 3. e5 Bf5 4. h4 h5 5. Bd3 Bxd3 6. Qxd3 Qc8 7. Nf3 Na6 8. c3 g6 9. O-O Qf5 10. Qe2 Nc7 11. b4 Nh6 12. a4 Ng4 13. Na3 Bg7 14.
Nc2 O-O 15. Ne3 Qe4 16. Re1 f6 17. Nd2 Qf4 18. g3 Qh6 19. Nxg4 hxg4 20. Qxg4 f5 21. Qe2 Ne6 22. Nf3 f4 23. g4 g5 24. h5 Qh7 25. Ra2 a6 26. Qc2 Qxc2 27. Rxc2 Bh6 28. Bd2 Kf7 29. Kf1 Rfb8 30. Ke2 Ke8 31. Kd3 b6 32.
Rb1 Kd7 33. c4 dxc4+ 34. Rxc4 b5 35. Rc2 Rc8 36. a5 Nc7 37. Rbc1 Nd5 38. e6+ Kd6 39. Ne5 1-0

[Event "*** Titled Tuesday 3|2 Blitz"]
[Site "Chess.com"]
[Date "2017.05.02"]
[Round "9"]
[White "djogrodek1"]
[Black "Abrito99"]
[Result "0-1"]
[WhiteElo "2402"]
[BlackElo "2314"]
[TimeControl "180+2"]
[EndTime "14:56:33 PDT"]
[Termination "Abrito99 won by checkmate"]

1. e4 e6 2. d4 d5 3. Nd2 h6 4.
Bd3 c5 5. exd5 Qxd5 6. Ngf3 cxd4 7. O-O Nc6 8. Nb3 Nf6 9. Qe2 Be7 10. Rd1 O-O 11. Nbxd4 Nxd4 12. Nxd4 Qc5 13. Be3 Qc7 14. Nb5 Qb8 15. g3 e5 16. c4 Bg4 17. f3 Be6 18. b3 a6 19. Nc3 Rd8 20. Bc2 Qc7 21. Qf2 b5 22. Rxd8+ Rxd8 23. Bb6 Qc8 24. Ne4 Nxe4 25. Bxe4 bxc4 26. Rc1 c3 27. Qe3 Bb4 28. Kg2 Rd2+ 29. Kh1 Qd7 30. a3 Bxa3 31. Rxc3 Rd1+ 32. Kg2 Bh3+ 33. Kf2 Rf1+ 34. Ke2 Qd1# 0-1

[Event "*** Titled Tuesday 3|2 Blitz"]
[Site "Chess.com"]
[Date "2017.05.02"]
[Round "9"]
[White "heartofatiger"]
[Black "Alexander_Donchenko"]
[Result "0-1"]
[WhiteElo "1919"]
[BlackElo "2517"]
[TimeControl "180+2"]
[EndTime "14:57:00 PDT"]
[Termination "Alexander_Donchenko won by resignation"]

1. d4 Nf6 2. Nf3 e6 3. c3 b6 4. g3 Bb7 5. Bg2 Be7 6. O-O O-O 7. Re1 c5 8. Nbd2 cxd4 9. cxd4 d5 10.
Ne5 Nc6 11. Nxc6 Bxc6 12. Nf3 Bb4 13. Bd2 Qe7 14. Bxb4 Qxb4 15. Qd2 Qxd2 16. Nxd2 Rfc8 17. Rec1 Kf8 18. e3 Bb5 19. Bf3 Ke7 20. h4 h6 21.
Kg2 Bd3 22. a3 Ne8 23. g4 Nd6 24. Kg3 g5 25. hxg5 hxg5 26. Bg2 a5 27. f3 a4 28. Bf1 Bxf1 29. Nxf1 Nc4 30. Rc2 Ra5 31. Nd2 Rb5 32. Nxc4 Rxc4 33. Rac1 Rxb2 34. Rxc4 dxc4 35. Rxc4 b5 36. Rc7+ Kd6 37. Rxf7 Rb3 38. Rb7 Kc6 39. Rb8 Rxa3 40. e4 Rd3 41. Re8 Kd7 42. Rb8 Kc6 43. Re8 Rxd4 44. Rxe6+ Rd6 45. Re5 a3 46. Re8 Kb7 47.
Re7+ Kb6 48. Re8 Ka5 49. e5 Ra6 50. Rd8 a2 51. Rd1 b4 52. f4 gxf4+ 53. Kxf4 b3 54.
Kf5 b2 0-1

[Event "*** Titled Tuesday 3|2 Blitz"]
[Site "Chess.com"]
[Date "2017.05.02"]
[Round "9"]
[White "matiss90"]
[Black "kleinebeer98"]
[Result "0-1"]
[WhiteElo "2365"]
[BlackElo "2467"]
[TimeControl "180+2"]
[EndTime "14:57:06 PDT"]
[Termination "kleinebeer98 won by checkmate"]

1. e4 e5 2. Nf3 Nc6 3. d4 exd4 4.
Nxd4 Qf6 5. Nb5 Bc5 6. Qd2 Bb6 7. N1c3 Nge7 8. Qf4 Qxf4 9. Bxf4 d6 10. Nd5 Nxd5 11. exd5 Nb4 12. O-O-O Nxa2+ 13. Kb1 Nb4 14. Nxd6+ cxd6 15. Bxd6 a5 16. Bb5+ Bd7 17. Rhe1+ Kd8 18. Be7+ Kc8 19.
Bxd7+ Kxd7 20. Bxb4 axb4 21. Re4 Bc5 22. d6 Bxd6 23.
Rxb4 Kc6 24. Rc4+ Kb5 25. b3 Rhd8 26. Rcd4 Be5 27. Rd5+ Kc6 28. Rxd8 Ra1# 0-1

[Event "*** Titled Tuesday 3|2 Blitz"]
[Site "Chess.com"]
[Date "2017.05.02"]
[Round "9"]
[White "pawnwonder"]
[Black "Rating-Schmating"]
[Result "0-1"]
[WhiteElo "1822"]
[BlackElo "2187"]
[TimeControl "180+2"]
[EndTime "14:57:12 PDT"]
[Termination "Rating-Schmating won by resignation"]

1. e4 e6 2. d4 d5 3. e5 c5 4. c3 Nc6 5. Nf3 Qb6 6. a3 c4 7. Nbd2 Na5 8. g3 Ne7 9. Bg2 Bd7 10. O-O Nb3 11. Rb1 Ba4 12. Qe2 Nc6 13. Re1 Nca5 14. Nf1 Nxc1 15. Rexc1 Nb3 16. Re1 Be7 17.
N3d2 O-O-O 18. Nxb3 Bxb3 19. Rec1 a5 20. Qg4 g6 21. Qf3 Rhf8 22. Bh3 Bg5 23. Ne3 Bxe3 24. Qxe3 Kb8 25. Bg4 h5 26. Bd1 a4 27. Bxb3 Qxb3 28. Qf3 Rc8 29. Qf6 Qb6 30. Qe7 Qc7 31. Qb4 Qc6 32. Qe7 Qc7 33. Qb4 Qd7 34. b3 cxb3 35.
c4 dxc4 36. Rxc4 Rxc4 37. Qxc4 Rc8 38. Qd3 Qd5 39. h4 Rc4 40. Rd1 b2 41. Qb1 Rxd4 42. Re1 Rd2 43. Rf1 Qd3 44. Qxd3 Rxd3 45. Rb1 Rd2 46. Kf1 Rc2 47. Kg2 b5 48. Kf3 b4 49.
axb4 a3 50. Ke3 a2 0-1

[Event "*** Titled Tuesday 3|2 Blitz"]
[Site "Chess.com"]
[Date "2017.05.02"]
[Round "9"]
[White "Indianlad"]
[Black "Rodalquilar"]
[Result "1-0"]
[WhiteElo "2653"]
[BlackElo "2538"]
[TimeControl "180+2"]
[EndTime "14:57:26 PDT"]
[Termination "Indianlad won by checkmate"]

1. d4 Nf6 2. c4 e6 3. Nf3 d5 4. g3 Be7 5. Bg2 O-O 6. O-O dxc4 7.
Qc2 b6 8. Rd1 Bb7 9. Qxc4 Nbd7 10. Nc3 c5 11. dxc5 Bxc5 12. Bg5 Qc8 13. Qa4 Bc6 14.
Qh4 h6 15. Bxf6 Nxf6 16. Rac1 a5 17. Na4 Bxa4 18. Qxa4 Ra7 19. b4 Bxf2+ 20. Kxf2 Ne4+ 21. Ke1 Rc7 22. Rxc7 Qxc7 23. bxa5 f5 24. Qb3 bxa5 25.
Qxe6+ Kh8 26. Ne5 Qc3+ 27. Kf1 Rf6 28. Rd8+ Kh7 29. Qg8# 1-0

[Event "*** Titled Tuesday 3|2 Blitz"]
[Site "Chess.com"]
[Date "2017.05.02"]
[Round "9"]
[White "politeplayer"]
[Black "Enzy63"]
[Result "0-1"]
[WhiteElo "2049"]
[BlackElo "2047"]
[TimeControl "180+2"]
[EndTime "14:57:46 PDT"]
[Termination "Enzy63 won by resignation"]

1. e4 c5 2. Nf3 d6 3. d4 cxd4 4. Nxd4 Nf6 5. Nc3 g6 6. Be3 Bg7 7. f3 Nc6 8. Qd2 O-O 9. Bc4 Bd7 10. O-O-O Rb8 11. h4 h5 12. Nxc6 bxc6 13. Bh6 Bxh6 14. Qxh6 Qb6 15. Qxg6+ Kh8 16. Qh6+ Kg8 17. Bb3 Be6 18.
Rh3 Bxh3 19. gxh3 Nh7 20. e5 d5 21. Ne2 Kh8 22. c3 Rg8 23. Bc2 Rg7 24. Qxh5 Qe3+ 25. Rd2 Rbg8 26. f4 e6 27. Nd4 Rg1+ 28. Bd1 c5 29. Nf3 R1g2 30. Bc2 R8g7 31. Qh6 Rxd2 32.
Nxd2 Rg1+ 33. Bd1 Qe2 34. Qxh7+ Kxh7 0-1

[Event "*** Titled Tuesday 3|2 Blitz"]
[Site "Chess.com"]
[Date "2017.05.02"]
[Round "9"]
[White "GMBenjaminBok"]
[Black "Konavets"]
[Result "0-1"]
[WhiteElo "2673"]
[BlackElo "2695"]
[TimeControl "180+2"]
[EndTime "14:58:02 PDT"]
[Termination "Konavets won by resignation"]

1. e4 c6 2. d4 d5 3. e5 Bf5 4. Nf3 e6 5. Be2 Ne7 6. O-O h6 7. Nbd2 Nd7 8. c3 g5 9. b4 Qc7 10. Nb3 Ng6 11. Bd3 Ne7 12. Ne1 Bg7 13.
f4 gxf4 14. Bxf4 O-O-O 15. a4 Kb8 16. Nc2 Rdg8 17. Ne3 Bxd3 18. Qxd3 Ng6 19. Bg3 h5 20. Rxf7 Bh6 21. Raf1 h4 22. Be1 Ngxe5 23. dxe5 Nxe5 24. Rxc7 Nxd3 25. Nxd5 cxd5 26. Rcf7 Ne5 27. Re7 Be3+ 28. Kh1 Rf8 29. Rg1 Bxg1 30. Kxg1 Rhg8 31. Na5 b6 32. Rxe6 Nf3+ 33. Kh1 Nxe1 34. Nc6+ Kc7 35. Rxe1 Kxc6 0-1

[Event "*** Titled Tuesday 3|2 Blitz"]
[Site "Chess.com"]
[Date "2017.05.02"]
[Round "9"]
[White "DryCounty"]
[Black "chessking2151"]
[Result "1-0"]
[WhiteElo "2464"]
[BlackElo "2345"]
[TimeControl "180+2"]
[EndTime "14:58:10 PDT"]
[Termination "DryCounty won by resignation"]

1. e4 c5 2. Nf3 d6 3. d4 cxd4 4.
Nxd4 Nf6 5. Nc3 a6 6. Be2 Nbd7 7. O-O e6 8. a4 b6 9. f4 Bb7 10. Bf3 Qc7 11. g4 e5 12. Nf5 exf4 13. g5 g6 14.
gxf6 gxf5 15. Nd5 Qc5+ 16. Kh1 Ne5 17. b4 Qc6 18. Bxf4 O-O-O 19. b5 axb5 20. axb5 Qxb5 21. Rb1 Qc6 22. Rxb6 Qc4 23. Bxe5 dxe5 24. Rxb7 Rxd5 25. Qb1 Rc5 26. Rb8+ Kd7 27. Rd1+ Bd6 28. Rb7+ Rc7 29. Qb6 Qc6 30. Qxc6+ Kxc6 31. exf5+ Kd7 32. Rb6 Rxc2 33.
Rbxd6+ Kc7 34. Rd7+ Kb6 35. Rb7+ 1-0

[Event "*** Titled Tuesday 3|2 Blitz"]
[Site "Chess.com"]
[Date "2017.05.02"]
[Round "9"]
[White "iturrizaga"]
[Black "platy3"]
[Result "0-1"]
[WhiteElo "2663"]
[BlackElo "2648"]
[TimeControl "180+2"]
[EndTime "14:58:28 PDT"]
[Termination "platy3 won by resignation"]

1. Nf3 Nf6 2. c4 e6 3. b3 d5 4. Bb2 Be7 5. g3 O-O 6. Bg2 c5 7. O-O d4 8. e3 Nc6 9. exd4 cxd4 10. Na3 Nd7 11. d3 e5 12. Nc2 a5 13. Re1 Re8 14. Nd2 Nc5 15. Ne4 Na6 16. g4 Bf8 17. h3 Qh4 18. Bc1 h6 19. f4 f5 20.
gxf5 Bxf5 21. Rf1 Nc5 22. Nxc5 Bxc5 23. Qe1 Qh5 24. Qg3 e4 25. Ne1 Nb4 26. Kh2 Nxd3 27. Nxd3 exd3 28. Bf3 Re2+ 29. Bxe2 dxe2 30. Rg1 Qg6 31.
Qxg6 Bxg6 32. Bd2 Bf5 33. Rg3 Bb4 34. Bxb4 axb4 35. Kg2 Rxa2 36. Re1 d3 0-1

[Event "*** Titled Tuesday 3|2 Blitz"]
[Site "Chess.com"]
[Date "2017.05.02"]
[Round "9"]
[White "FearlessKing64"]
[Black "IMVoja"]
[Result "0-1"]
[WhiteElo "2164"]
[BlackElo "2333"]
[TimeControl "180+2"]
[EndTime "14:58:32 PDT"]
[Termination "IMVoja won by resignation"]

1. e4 c6 2. d4 d5 3. exd5 cxd5 4.
c4 Nf6 5. Nc3 Nc6 6. Nf3 Bg4 7.
cxd5 Nxd5 8. Qb3 Bxf3 9. gxf3 Nb6 10. Be3 e6 11. O-O-O Be7 12. d5 Nxd5 13. Nxd5 exd5 14.
Rxd5 Qc7 15. Kb1 O-O 16. h4 Bf6 17. Be2 Rac8 18. Rg1 Rfd8 19. Rf5 Qe7 20. a3 Nd4 21. Bxd4 Rxd4 22. Bd3 Rcd8 23. Bc2 R4d6 24. Rg4 Rb6 25. Rb5 Rdd6 26. Rc4 g6 27. h5 Rxb5 28. Qxb5 Rb6 29.
Rc8+ Kg7 30. h6+ Kxh6 31. Qf1 Rxb2+ 32. Kc1 Qxa3 33. Qd3 Rb1+ 34. Kd2 Qc1+ 0-1

[Event "*** Titled Tuesday 3|2 Blitz"]
[Site "Chess.com"]
[Date "2017.05.02"]
[Round "9"]
[White "Aygehovit1992"]
[Black "sorito"]
[Result "1-0"]
[WhiteElo "2516"]
[BlackElo "2376"]
[TimeControl "180+2"]
[EndTime "14:58:36 PDT"]
[Termination "Aygehovit1992 won by resignation"]

1. e4 c5 2. Nf3 a6 3. Nc3 d6 4. d4 cxd4 5. Nxd4 e5 6. Nf5 Nf6 7.
Bg5 Bxf5 8. exf5 Be7 9. Bc4 O-O 10. O-O Nbd7 11. Qf3 Rc8 12. Bb3 b5 13. Rad1 Qc7 14. Rfe1 h6 15. Bxf6 Nxf6 16. Nd5 Nxd5 17. Rxd5 Qb7 18.
Qd3 Rc5 19. Re3 Rxd5 20. Bxd5 Qb6 21. Rf3 Bf6 22. Qe4 Rc8 23. c3 a5 24. g3 b4 25.
Kg2 bxc3 26. bxc3 Qb2 27. c4 Rb8 28. c5 dxc5 29. Qc4 Qd4 30. Bxf7+ Kh8 31. Rb3 Rd8 32. Qb5 a4 33. Re3 Bg5 34. Re2 e4 35. h4 Bd2 36.
Qc6 e3 37. fxe3 Bxe3 38. f6 gxf6 39. Rxe3 Qxe3 40. Qxf6+ Kh7 41. Bg6+ Kg8 42. Qf7+ 1-0

[Event "*** Titled Tuesday 3|2 Blitz"]
[Site "Chess.com"]
[Date "2017.05.02"]
[Round "9"]
[White "1lec"]
[Black "ChristopherYoo"]
[Result "0-1"]
[WhiteElo "2061"]
[BlackElo "2240"]
[TimeControl "180+2"]
[EndTime "14:58:38 PDT"]
[Termination "ChristopherYoo won on time"]

1. e4 c5 2. Nf3 d6 3. Bb5+ Nd7 4. d4 cxd4 5. Qxd4 a6 6. Bxd7+ Bxd7 7. c4 Rc8 8. O-O Nf6 9. Bg5 b5 10. cxb5 Bxb5 11.
Re1 Rc4 12. Qd1 Rxe4 13. Nc3 Rxe1+ 14. Qxe1 Bd7 15. Qe2 Qa5 16. b4 Qxb4 17. Bxf6 gxf6 18. Nd5 Qa5 19. Nxf6+ Kd8 20. Nxd7 Kxd7 21. Qb2 Rg8 22. Rc1 Qb5 23. Qc3 Qb7 24. Qd3 Bh6 25. Rd1 Ke8 26. Qxh7 Rg6 27. Qh8+ Bf8 28. Qc3 e5 29. Qe3 Be7 0-1

[Event "*** Titled Tuesday 3|2 Blitz"]
[Site "Chess.com"]
[Date "2017.05.02"]
[Round "9"]
[White "Michelangelo"]
[Black "Alexander_Moskalenko"]
[Result "1/2-1/2"]
[WhiteElo "2657"]
[BlackElo "2689"]
[TimeControl "180+2"]
[EndTime "14:58:41 PDT"]
[Termination "Game drawn by agreement"]

1. d4 d5 2. Nf3 e6 3. c4 Nf6 4.
Nc3 Bb4 5. e3 O-O 6. Bd3 c5 7. O-O Nc6 8. a3 Bxc3 9. bxc3 dxc4 10. Bxc4 Qc7 11. Bb2 e5 12. h3 Bf5 13. Bb5 Rad8 14.
Bxc6 exd4 15. cxd4 Qxc6 16. Rc1 b6 17. Ne5 Qb5 18.
Ba1 Nd7 19. Qf3 Bd3 20. Nxd3 Qxd3 21. a4 Rfe8 22. Rfd1 Qb3 23. Qg3 Ne5 24. a5 bxa5 25.
d5 Rxd5 26. Rxd5 Qxd5 27. Bxe5 Qxe5 28. Qg4 g6 29. Qc4 Rc8 30. Qa6 Qc7 31. Qc4 Rb8 32. Qxc5 Qxc5 33. Rxc5 Rb1+ 34. Kh2 Ra1 35. Rc7 a4 36.
Rxa7 h5 37. g4 hxg4 38. hxg4 1/2-1/2

[Event "*** Titled Tuesday 3|2 Blitz"]
[Site "Chess.com"]
[Date "2017.05.02"]
[Round "9"]
[White "hypert"]
[Black "eldur16"]
[Result "1-0"]
[WhiteElo "2318"]
[BlackElo "2445"]
[TimeControl "180+2"]
[EndTime "14:58:43 PDT"]
[Termination "hypert won by resignation"]

1. e4 g6 2. d4 Bg7 3. Nc3 d6 4.
Be3 a6 5. f4 b5 6. Bd3 Bb7 7.
Nf3 Nd7 8. e5 c5 9. Be4 Bxe4 10.
Nxe4 cxd4 11. Bxd4 dxe5 12. fxe5 Nb6 13. O-O Nh6 14. e6 Bxd4+ 15. Nxd4 f5 16. Ng5 Nc4 17. Re1 Nxb2 18. Qd2 Nc4 19. Qc3 O-O 20. Rad1 Qb6 21. Qh3 Kg7 22. Kh1 Rad8 23. c3 Rd6 24. Rb1 Qc5 25.
Qh4 Rf6 26. Nb3 Qd5 27. Nd4 Rd8 28. Ngf3 Ng4 29. Ng5 h6 30. Nh3 Nge3 31. Nf4 Qe4 32. Qf2 Ng4 33. Qg3 Nge3 34. Nh5+ Kh7 35. Nxf6+ exf6 36. Qc7+ 1-0

[Event "*** Titled Tuesday 3|2 Blitz"]
[Site "Chess.com"]
[Date "2017.05.02"]
[Round "9"]
[White "olgerts_indricans"]
[Black "JSMastropiero"]
[Result "0-1"]
[WhiteElo "2252"]
[BlackElo "2210"]
[TimeControl "180+2"]
[EndTime "14:59:01 PDT"]
[Termination "JSMastropiero won by resignation"]

1. e4 e6 2. d4 d5 3. Nd2 dxe4 4.
Nxe4 Qd5 5. Ng3 c5 6. Nf3 cxd4 7. Nxd4 a6 8. a3 Nf6 9. c4 Qe5+ 10. Be2 Bd7 11. O-O Nc6 12. Be3 Be7 13. Bf3 Qc7 14.
Rc1 O-O 15. Nb5 Qb8 16. Ne4 axb5 17. Nxf6+ Bxf6 18. Qxd7 Rd8 19. Bxc6 Rxd7 20. Bxd7 bxc4 21. Rxc4 Qd6 22. Bb5 Bxb2 23. a4 Be5 24. g3 h6 25.
Rfc1 g5 26. R4c2 Kg7 27. Rd2 Qa3 28. Rd7 Rb8 29. Bc4 Kf6 30. f4 gxf4 31. Rf1 Qxe3+ 32. Kg2 Rg8 33. Rf3 Qc1 34. Bd3 Qd2+ 35. Rf2 Qe3 36. Rf3 Qc1 37. Rf1 Qb2+ 38. Rf2 Qc3 39. Rc2 Qa3 40. Rf2 Qxa4 41. Kh3 Qxd7 0-1

[Event "*** Titled Tuesday 3|2 Blitz"]
[Site "Chess.com"]
[Date "2017.05.02"]
[Round "9"]
[White "wonderfultime"]
[Black "oskariot"]
[Result "1-0"]
[WhiteElo "2577"]
[BlackElo "2443"]
[TimeControl "180+2"]
[EndTime "14:59:10 PDT"]
[Termination "wonderfultime won on time"]

1. d4 Nf6 2. c4 g6 3. Nc3 c5 4. d5 Bg7 5. e4 d6 6. Bd3 O-O 7. h3 e6 8. Nf3 Na6 9. O-O Nc7 10. Re1 Rb8 11. a4 e5 12. Rb1 Na6 13. Nb5 Ra8 14. Bd2 Ne8 15. Bc2 h6 16. Bc3 Nb4 17. Nd2 a6 18. Na3 f5 19. exf5 gxf5 20. Nf1 Qg5 21.
Nh2 e4 22. Kh1 Bd7 23. Re3 Kh8 24. Rg3 Qh4 25. Qd2 f4 26. Rg6 Bf5 27. Re6 Bxe6 28.
dxe6 Nxc2 29. Nxc2 Bxc3 30. bxc3 Ng7 31. Rxb7 Rab8 32.
Qxd6 Rxb7 33. Qxf8+ Kh7 34. Ng4 f3 35. Nce3 fxg2+ 36. Kxg2 Qg5 37. Nd5 Nh5 38. e7 1-0

[Event "*** Titled Tuesday 3|2 Blitz"]
[Site "Chess.com"]
[Date "2017.05.02"]
[Round "9"]
[White "Schemato"]
[Black "pKiLz5Rn9b"]
[Result "0-1"]
[WhiteElo "2299"]
[BlackElo "2449"]
[TimeControl "180+2"]
[EndTime "14:59:13 PDT"]
[Termination "pKiLz5Rn9b won on time"]

1. c4 e6 2. Nc3 d5 3. d4 c5 4. cxd5 exd5 5. Nf3 Nf6 6. g3 Nc6 7. Bg2 Be7 8. O-O O-O 9. b3 Ne4 10.
Bb2 Bf6 11. e3 b6 12. Rc1 Ba6 13. Re1 Rc8 14. dxc5 bxc5 15. Nxe4 Bxb2 16. Nxc5 Bxc1 17. Nxa6 Qa5 18. Qxc1 Nd4 19. Qd1 Nxf3+ 20. Bxf3 Qxa6 21. Bxd5 Qxa2 22. Qf3 Rcd8 23. e4 Qb2 24. Re3 Rd7 25.
Qf5 Re7 26. Rf3 Qc1+ 27. Kg2 Qc7 28. h4 Qe5 29. Qxe5 Rxe5 30. Rc3 Re7 31. f4 g6 32. g4 Rd8 33. Kf3 Kg7 34. g5 Red7 35. Rc5 Rd6 36.
Ra5 R8d7 37. Kg4 h5+ 38. gxh6+ Kxh6 39. Rc5 Kg7 40. Kg3 f5 41. h5 gxh5 42. Kh4 fxe4 43. Bxe4 Rd4 44. Re5 Rf7 45. Kg5 h4 46. f5 h3 0-1

[Event "*** Titled Tuesday 3|2 Blitz"]
[Site "Chess.com"]
[Date "2017.05.02"]
[Round "9"]
[White "grzechu96"]
[Black "NewBornNow"]
[Result "0-1"]
[WhiteElo "2393"]
[BlackElo "2560"]
[TimeControl "180+2"]
[EndTime "14:59:15 PDT"]
[Termination "NewBornNow won by resignation"]

1. e4 d6 2. d4 Nf6 3. Nc3 e5 4.
Nf3 Nbd7 5. Rg1 g6 6. g4 Bg7 7. g5 Nh5 8. Be3 O-O 9. Qd2 c6 10.
O-O-O b5 11. Kb1 b4 12. Ne2 a5 13. Ng3 Nxg3 14. hxg3 a4 15. dxe5 b3 16. cxb3 axb3 17. a3 Nxe5 18. Nxe5 Bxe5 19. f4 Bg7 20. Qxd6 Qa5 21.
Qc5 Qa4 22. Qc4 Bg4 23. Rd2 Qa5 24. e5 Rfd8 25. Rgg2 Bf8 26. Bd4 Be6 27. Qc3 Bf5+ 28. Kc1 Qd5 29. Rge2 Qh1 30. Re1 c5 31. Bf2 Rxd2 32.
Qxd2 Qf3 33. Qe3 Qd5 34. Qd2 Qb7 35. Bc4 Ra4 36. Qd5 Qc7 37. Rd1 Be6 38. Qd8 Rxc4+ 39. Kb1 Bf5+ 0-1